AoeStats
← Cochiloco2000

Pilgrims

509530260Analyzed
4v4 RM · 7d ago on Sep 27, 2026· 53m 47s· 8 players
Game mode
Random Map
Map size
Large (8 player)
Population
200
Speed
Normal
Resources
Standard
Victory
Conquest
Starting age
Dark Age
Ending age
Imperial Age
RankedLock teamsTeams togetherTeam positionsShared explorationLock speedFull tech treeHidden civsTurbo modeCheats
Victory
Defeat
🇲🇽 Teutons · Mexico
1157
+17
🇺🇸 Danes · United States
1133
+18
🇨🇳 Japanese · China
1129
+18
🇺🇸 Italians · United States
1114
+18
🇧🇷 Saxons · Brazil
1215
-19
🇹🇼 Persians · Taiwan
1192
-19
🇹🇼 Koreans · Taiwan
1145
-17
🇨🇳 Aztecs · China
1130
-16
Cochiloco2000
1:37 Loom
12:36 Feudal Age
20:04 Castle Age
19:43 Wheelbarrow
19:51 Double-Bit Axe
20:00 Fletching
21:18 Medium Warships
21:50 Bow Saw
22:02 Bodkin Arrow
27:06 Pikeman
30:17 Scale Mail Armor
32:43 Forging
38:43 Chain Mail Armor
39:44 Iron Casting
39:16 Squires
39:20 Gold Mining
48:57 Imperial Age
50:08 Heavy Warships
49:22 Elite Teutonic Knight
50:38 Demolition Ship
tmams33
12:55 Feudal Age
13:00 Feudal Age
14:15 Arson
13:52 Man-at-Arms
14:18 Arson
15:08 Horse Collar
16:20 Forging
17:00 Loom
17:14 Double-Bit Axe
17:42 Scale Mail Armor
17:50 Loom
25:00 Castle Age
25:47 Long Swordsman
26:13 Gambesons
26:50 Chain Mail Armor
27:11 Iron Casting
27:34 Squires
39:28 Imperial Age
37:39 Fervor
39:57 Two-Handed Swordsman
41:41 Blast Furnace
41:20 Champion
49:05 Conscription
50:15 Fishing Lines
50:30 Hamask
53:44 Plate Mail Armor
Burt McChicken
7:25 Loom
12:11 Feudal Age
15:31 Double-Bit Axe
15:28 Horse Collar
17:23 Fletching
22:11 Padded Archer Armor
22:07 Town Watch
23:45 Gold Mining
24:57 Stone Mining
27:12 Castle Age
28:28 Bow Saw
28:19 Heavy Plow
28:18 Bodkin Arrow
28:39 Leather Archer Armor
29:51 Wheelbarrow
30:17 Thumb Ring
39:20 Hand Cart
44:46 Imperial Age
43:36 Ballistics
45:03 Elite Genoese Crossbowman
45:44 Bracer
51:28 Two-Man Saw
51:38 Crop Rotation
51:59 Conscription
52:35 Medium Warships
54:01 Heavy Warships
55:15 Chemistry
1903662431
3:59 Loom
12:29 Feudal Age
13:59 Double-Bit Axe
18:28 Castle Age
16:19 Gold Mining
19:40 Fletching
20:07 Bow Saw
22:26 Bodkin Arrow
24:02 Wheelbarrow
23:13 Town Watch
26:38 Imperial Age
24:37 Stone Mining
26:26 Pikeman
30:10 Gold Shaft Mining
31:58 Two-Man Saw
30:58 Fishing Lines
31:51 Hand Cart
32:31 Forging
32:21 Scale Mail Armor
32:34 Halberdier
33:15 Squires
34:47 Iron Casting
34:28 Chain Mail Armor
35:15 Squires
35:51 Kataparuto
35:50 Horse Collar
36:58 Gillnets
38:36 Blast Furnace
37:52 Chain Mail Armor
38:21 Conscription
37:56 Town Watch
39:35 Medium Warships
41:09 Heavy Plow
42:37 Ballistics
43:27 Siege Engineers
46:05 Plate Mail Armor
45:58 Masonry
45:29 Treadmill Crane
48:03 Spies/Treason
50:42 Arson
52:58 Bracer
52:59 Padded Archer Armor
54:20 Heavy Warships
chipchip520
12:31 Loom
15:23 Feudal Age
32:09 Double-Bit Axe
K
5:39 Loom
12:52 Feudal Age
13:37 Double-Bit Axe
17:55 Fletching
19:33 Wheelbarrow
22:48 Castle Age
21:11 Padded Archer Armor
23:39 Bodkin Arrow
28:35 Imperial Age
29:13 Guard Tower
29:38 Bracer
文知章
5:42 Loom
12:18 Feudal Age
13:34 Double-Bit Axe
14:16 Fishing Lines
15:59 Wheelbarrow
16:58 Horse Collar
18:08 Stone Mining
20:20 Castle Age
19:46 Gold Mining
21:42 Forging
21:32 Scale Mail Armor
20:57 Eagle Warrior
21:40 Squires
22:51 Gillnets
31:54 Chain Mail Armor
32:14 Iron Casting
32:43 Bow Saw
32:35 Heavy Plow
33:43 Hand Cart
asd40130069
5:57 Loom
13:33 Feudal Age
17:59 Castle Age
16:40 Double-Bit Axe
18:32 Forging
18:27 Scale Barding Armor
18:39 Bow Saw
19:46 Husbandry
20:21 Bloodlines
20:39 Gold Mining
23:12 Horse Collar
25:41 Heavy Plow
26:20 Wheelbarrow
26:58 Chain Barding Armor
27:14 Iron Casting
28:47 Hand Cart
31:24 Gold Shaft Mining
30:41 Stone Mining
37:12 Imperial Age
35:42 Stone Shaft Mining
35:25 Fletching
35:35 Padded Archer Armor
36:50 Bodkin Arrow
37:10 Leather Archer Armor
36:50 Elite Skirmisher
39:17 Chemistry
38:39 Conscription
Connection lost

Rejoining the realm…

Still unreachable

The connection could not be restored.

Session expired

The server has moved on; the page needs a fresh start.